 Dungeon Crawl Stone Soup version 0.28-a0-691-gad6df49e81 (webtiles) character file.

Game seed: 18112251015510145605

72 Rennog the Skirmisher (level 4, -8/28 HPs)
             Began as a Deep Elf Fighter on Oct 23, 2021.
             Killed by divine providence
             ... invoked by an orc priest
              (14 damage)
             ... on level 2 of the Dungeon.
             The game lasted 00:01:39 (2155 turns).

Rennog the Skirmisher (Deep Elf Fighter)            Turns: 2155, Time: 00:01:39

Health: -8/28      AC:  6    Str: 13    XL:     4   Next: 6%
Magic:  6/6        EV:  9    Int: 14    God:
Gold:   47         SH:  4    Dex: 14    Spells: 3/3 levels left

rFire   . . .      SeeInvis .   a - +0 rapier
rCold   . . .      Faith    .   c - +0 buckler
rNeg    . . .      Spirit   .   b - +0 scale mail
rPois   .          Reflect  .   (no helmet)
rElec   .          Harm     .   (no cloak)
rCorr   .          Rampage  .   (no gloves)
Will    .....                   (no boots)
Stlth   ..........              (no amulet)
HPRegen 0.09/turn               (no ring)
MPRegen 0.10/turn               (no ring)

@: no status effects
A: no striking features
a: no special abilities


You were on level 2 of the Dungeon.
You visited 1 branch of the dungeon, and saw 3 of its levels.

You collected 47 gold pieces.

Inventory:

Hand Weapons
 a - a +0 rapier (weapon)
Armour
 b - a +0 scale mail (worn)
 c - a +0 buckler (worn)
Magical Staves
 g - a staff of cold
Jewellery
 f - a ring of fire
Scrolls
 e - a scroll of teleportation {unknown}
 j - a scroll of enchant armour {unknown}
 k - a scroll of blinking {unknown}
 m - a scroll of noise {unknown}
Potions
 d - 2 potions of might
 h - a potion of brilliance {unknown}
 i - 2 potions of curing {unknown}
 l - a potion of haste {unknown}


   Skills:
 * Level 3.6 Fighting
 - Level 2.0 Short Blades
 - Level 2.4 Armour
 + Level 2.3 Dodging
 - Level 2.4 Shields


You had 3 spell levels left.
You didn't know any spells.
Your spell library contained the following spells:

 Spells                   Type           Power      Damage    Failure   Level
 Corpse Rot               Necr/Air       0%         N/A       94%         2
 Dispel Undead            Necr           0%         3d6       100%        4
 Death Channel            Necr           0%         N/A       100%        6


Dungeon Overview and Level Annotations

Branches:
Dungeon (3/15)

Altars:

Annotations:
D:3 Jessica


Message History

There are monsters nearby!
There are monsters nearby!
There are monsters nearby!
You hit the orc.
The orc is severely wounded.
You closely miss the orc.
The orc is severely wounded.
The orc closely misses you.
You closely miss the orc.
The orc is severely wounded.
The orc misses you.
You hit the orc.
You kill the orc!
The orc closely misses you.
You completely miss the orc. The orc hits you but does no damage.
You hit the orc.
The orc is severely wounded.
You closely miss the orc.
The orc is severely wounded.
You block the orc's attack.
The orc priest mumbles some strange prayers to Beogh against you.
Pain shoots through your body! The orc hits you with a +0 hand axe.
You hit the orc.
You kill the orc!
No target in view!
You barely miss the orc priest.
You hear a shout!
The orc priest invokes the aid of Beogh against you.
Pain shoots through your body!
* * * LOW HITPOINT WARNING * * *
There is a stone staircase leading up here.
The orc priest hits you with a +0 dagger.
* * * LOW HITPOINT WARNING * * *
You climb upwards.
There is a stone staircase leading down here.
You hit the orc priest but do no damage.
The orc priest invokes the aid of Beogh against you.
Beogh smites you!
Ouch! That really hurt!
You die...

##########.# # #.# #
#.############ #
#............#
#####################.#
#..........##########.##
#.#####.......##...>...# #.#
#.......##.####..# #.#
##.......##@# #..# #.#
#..........o####..##### #.#
#........#............#
#.####........#.#####..###.#
..................# #......#
..####.###........###.###..#
### #................# #..#
#.###........###.# #..# #.#
##.......# #.# #..#


You could see an orc priest.

Vanquished Creatures
  A howler monkey skeleton (D:2)
  2 adders (D:2)
  2 orcs (D:3)
  5 ball pythons (D:1)
  5 endoplasms
  A giant cockroach (D:1)
  6 goblins
  5 hobgoblins
  2 kobolds (D:1)
  2 quokkas (D:1)
  2 bats (D:1)
  A frilled lizard (D:1)
  2 rats (D:2)
36 creatures vanquished.

Notes
Turn   | Place    | Note
-------+----------+-------------------------------------------
     0 | D:1      | Rennog the Deep Elf Fighter began the quest for the Orb.
     0 | D:1      | Reached XP level 1. HP: 13/13 MP: 3/3
   211 | D:1      | Reached skill level 1 in Dodging
   211 | D:1      | Reached XP level 2. HP: 15/18 MP: 4/4
   583 | D:1      | Reached skill level 3 in Fighting
  1043 | D:1      | Reached XP level 3. HP: 23/23 MP: 5/5
  1902 | D:2      | Reached XP level 4. HP: 24/28 MP: 6/6
  2137 | D:3      | Noticed Jessica
  2155 | D:2      | Killed from afar by an orc priest

Illustrated notes

Levels and vault maps discovered:
D:1:      dpeg_arrival_boxorama, layout_basic
D:2:      layout_loops_ring
D:3:      layout_basic, uniq_jessica, uniq_grinder, uniq_ijyb

Skill      XL: |  1  2  3 |
---------------+----------+-----
Dodging        | 1 2 |  2.3
Fighting       | 3 |  3.6
Short Blades   | |  2.0
Armour         | |  2.4
Shields        | |  2.4

Action                   |  1- 3 |  4- 6 || total
-------------------------+-------+-------++-------
Melee: Rapier            |   123 |    10 ||   133
Armor: Scale mail        |    54 |     1 ||    55
Dodge: Dodged            |    46 |     3 ||    49
Block: Buckler           |    24 |     1 ||    25

Table legend: (Time is in decaauts)
 A = Elapsed time spent in this place.
 B = Non-inter-level travel time spent in this place.
 C = Inter-level travel time spent in this place.
 D = Time resting spent in this place.
 E = Time spent auto-exploring this place.
 F = Levels seen in this place.
 G = Mean time per level.
                   A        B        C        D        E       F      G
               +--------+--------+--------+--------+--------+-----+--------+
         Total |   2172 |   2147 |     25 |      0 |   1856 |   3 |  724.0 |
       Dungeon |   2172 |   2147 |     25 |      0 |   1856 |   3 |  724.0 |
               +--------+--------+--------+--------+--------+-----+--------+

Top non-repeatable levels by time:
     D:1: 1181 daAuts
     D:2: 964 daAuts
     D:3: 27 daAuts
